 Dungeon Crawl Stone Soup version 0.29.1-15-g9cfb28693d (webtiles) character file.

Game seed: 10398916991944977736

1297 dudediamond6 the Geomancer (level 8, -2/41 HPs)
             Began as a Gargoyle Earth Elementalist on Feb 22, 2023.
             Shot with an arrow by a gnoll (5 damage)
             ... led by a gnoll bouda
             ... while paralysed by a gnoll
             ... on level 6 of the Dungeon.
             The game lasted 00:14:51 (6243 turns).

dudediamond6 the Geomancer (GrEE)                   Turns: 6243, Time: 00:14:52

Health: -2/41      AC:  9    Str: 13    XL:     8   Next: 56%
Magic:  6/15       EV:  2    Int: 17    God:
Gold:   184        SH:  0    Dex: 16    Spells: 13/17 levels left

rFire   . . .      SeeInvis .   e - +2 hand axe (vamp)
rCold   . . .      Faith    .   (no shield)
rNeg    + . .      Spirit   .   a - +0 robe
rPois   ∞          Reflect  .   j - +2 hat
rElec   +          Harm     .   (no cloak)
rCorr   .          Rampage  .   (no gloves)
Will    .....                   (no boots)
Stlth   ++........              (no amulet)
HPRegen 0.13/turn               v - +6 ring of dexterity
MPRegen 0.14/turn               (no ring)

@: paralysed
A: sickness immunity, AC +5, negative energy resistance 1, electricity
resistance, torment resistance 1, petrification resistance
a: no special abilities


You were on level 6 of the Dungeon.
You visited 2 branches of the dungeon, and saw 7 of its levels.
You also visited: Sewer.

You collected 184 gold pieces.

Inventory:

Hand Weapons
 e - a +2 vampiric hand axe (weapon)
Armour
 a - a +0 robe (worn)
 j - a +2 hat (worn)
 B - the +4 chain mail of Hopscotch {+Inv rF+++ Str-5 Int-2}
   (You took it off an orc on level 6 of the Dungeon)

   Str:       It affects your strength (-5).
   Int:       It affects your intelligence (-2).
   rF:        It renders you almost immune to fire.
   +Inv:      It lets you turn invisible.
Magical Staves
 k - a staff of fire
Jewellery
 v - a +6 ring of dexterity (left hand)
 A - a +6 ring of dexterity
Wands
 u - a wand of paralysis (9)
 y - a wand of flame (16)
Scrolls
 c - a scroll of silence {unknown}
 d - a scroll of summoning {unknown}
 f - a scroll of enchant armour {unknown}
 h - 4 scrolls of poison
 l - a scroll of blinking
 m - 4 scrolls of fog
 n - 4 scrolls of teleportation
 q - a scroll of noise {unknown}
 r - a scroll of magic mapping {unknown}
 t - 2 scrolls of vulnerability
 w - a scroll of enchant weapon {unknown}
 x - 2 scrolls of amnesia {unknown}
Potions
 b - 2 potions of magic
 g - a potion of invisibility {unknown}
 i - 3 potions of flight
 o - 3 potions of curing
 p - a potion of degeneration {unknown}
 s - 3 potions of heal wounds
 z - 2 potions of mutation {unknown}


   Skills:
 + Level 2.0 Dodging
 + Level 3.4 Stealth
 - Level 0.2 Unarmed Combat
 + Level 5.1 Spellcasting
 * Level 3.5 Conjurations
 + Level 0.7 Transmutations
 * Level 9.0 Earth Magic
 + Level 1.9 Evocations


You had 13 spell levels left.
You knew the following spells:

 Your Spells              Type           Power      Damage    Failure   Level
a - Sandblast             Erth           70%        2d15      1%          1
b - Stone Arrow           Conj/Erth      50%        3d10      3%          3

Your spell library contained the following spells:

 Spells                   Type           Power      Damage    Failure   Level
 Passwall                 Tmut/Erth      17%        N/A       2%          2
 Shock                    Conj/Air       40%        1d5       7%          1
 Static Discharge         Conj/Air       10%        3-5/arc   11%         2
 Petrify                  Tmut/Erth      21%        N/A       19%         4
 Swiftness                Air            4%         N/A       38%         3
 Sticky Flame             Conj/Fire      10%        2d3       56%         4
 Airstrike                Air            2%         2d(1-17)  80%         4
 Dispel Undead            Necr           4%         3d7       80%         4


Dungeon Overview and Level Annotations

Branches:
Dungeon (6/15)             Temple (1/1) D:4           Sewer (visited)

Altars:
Ashenzari
Cheibriados
Dithmenos
Elyvilon
Fedhas
Gozag
Hepliaklqana
Kikubaaqudgha
Makhleb
Nemelex Xobeh
Okawaru
Qazlal
Ru
Sif Muna
Trog
Uskayaw
Wu Jian
Xom
Zin
The Shining One

Shops:
D:2 *(


Innate Abilities, Weirdness & Mutations

You are immune to sickness and miasma.
Your stone body is resilient. (AC +5)
You are immune to poison.
You resist negative energy. (rN+)
You are resistant to electric shocks. (rElec)
You are resistant to unholy torment.
You are immune to petrification.


Message History

The gnoll hits you with a +0 flail. The gnoll bouda barely misses you.
The gnoll hits you from afar with a +0 halberd!
The gnoll hits you with a +0 flail.
The gnoll bouda hits you from afar with a +0 spear.
* * * LOW HITPOINT WARNING * * *
You are too injured to fight recklessly!
Casting: Sandblast (safe; 1% risk of failure)
Confirm with . or Enter, or press ? or * to list all spells.
Aiming: Sandblast (safe; 1% risk of failure)
Press: ? - help, Shift-Dir - straight line, f - gnoll bouda, p - gnoll
Aim: a gnoll bouda, wielding a +0 spear, wearing a +0 robe and wearing a +0 buckler (severely wounded, 86% to hit)
The blast of sand misses the gnoll bouda.
The gnoll misses you. The gnoll closely misses you.
The gnoll bouda utters an invocation to its god.
The gnoll bouda is healed somewhat.
The gnoll barely misses you.
Casting: Sandblast (safe; 1% risk of failure)
Confirm with . or Enter, or press ? or * to list all spells.
Aiming: Sandblast (safe; 1% risk of failure)
Press: ? - help, Shift-Dir - straight line, f/p - gnoll bouda
Aim: a gnoll bouda, wielding a +0 spear, wearing a +0 robe and wearing a +0 buckler (moderately wounded, 86% to hit)
The blast of sand misses the gnoll bouda.
The gnoll closely misses you.
The gnoll bouda hits you from afar with a +0 spear.
* * * LOW HITPOINT WARNING * * *
The gnoll closely misses you. The gnoll completely misses you.
The gnoll bouda hits you from afar with a +0 spear.
* * * LOW HITPOINT WARNING * * *
Blink to where?
Press: ? - help, Dir - move target, p - gnoll bouda
Okay, then.
The gnoll closely misses you. x2
Blink to where?
Press: ? - help, Dir - move target, p - gnoll bouda
Found a whip.
As you read the scroll of blinking, it crumbles to dust.
A gnoll comes into view.
It is wielding a +0 shortbow and carrying a wand of paralysis (5).
The gnoll shouts!
The gnoll zaps a wand.
You suddenly lose the ability to move!
The gnoll shoots an arrow.
The arrow hits you.
You die...

####.###)....#
....†...).)<##
#.......)....##
.....†g.§g....#
......g..g....#
........?.....###
)...........!...##
..............#..#
#:..........####@#
#...........# #..#
..########.##
'..') #. g#..#'#
#......# . .....#
## #..#' '..'..


You could see a gnoll bouda and 2 gnolls.

Vanquished Creatures
  Edmund (D:5)
  A water moccasin (D:5)
  A black bear (D:6)
  An ice beast (D:5)
  A phantom (D:5)
  A scorpion (D:5)
  2 bullfrogs (Sewer)
  A howler monkey (D:6)
  3 hounds
  2 orc priests
  An iguana (D:4)
  An orc wizard (D:6)
  7 gnolls
  21 adders
  A shadow imp (D:6)
  3 worms
  3 dart slugs (D:1)
  9 orcs
  11 ball pythons
  3 bats
  13 endoplasms
  12 giant cockroaches
  7 goblins
  3 hobgoblins
  11 jackals
  8 quokkas
  9 frilled lizards
  4 kobolds
  7 rats
148 creatures vanquished.

Notes
Turn   | Place    | Note
-------+----------+-------------------------------------------
     0 | D:1      | dudediamond6 the Gargoyle Earth Elementalist began the
                  | quest for the Orb.
     0 | D:1      | Reached XP level 1. HP: 10/10 MP: 3/3
    54 | D:1      | Reached XP level 2. HP: 7/15 MP: 1/5
   451 | D:1      | Reached skill level 4 in Earth Magic
   646 | D:1      | Found a faded altar of an unknown god.
   663 | D:1      | Reached XP level 3. HP: 19/19 MP: 1/7
  1123 | D:1      | Learned a level 3 spell: Stone Arrow
  1145 | D:2      | Found Seubbumm's Assorted Antiques.
  1239 | D:2      | Found Xaihiyt's Antique Weapon Emporium.
  1792 | D:3      | Reached XP level 4. HP: 24/24 MP: 6/8
  2068 | D:3      | Found a snail-covered altar of Cheibriados.
  2068 | D:3      | Found a glowing silver altar of Zin.
  2493 | D:4      | Found a staircase to the Ecumenical Temple.
  2503 | D:3      | Reached skill level 1 in Conjurations
  2614 | D:4      | Reached skill level 5 in Earth Magic
  2648 | D:4      | Reached XP level 5. HP: 27/28 MP: 6/9
  2886 | Temple   | Entered the Ecumenical Temple
  3095 | D:4      | Found a white marble altar of Elyvilon.
  3500 | D:5      | Entered Level 5 of the Dungeon
  3512 | D:5      | Reached skill level 6 in Earth Magic
  3514 | D:5      | Reached XP level 6. HP: 32/32 MP: 4/11
  3593 | D:5      | Noticed a water moccasin
  3599 | D:5      | Killed a water moccasin
  3719 | D:5      | Reached skill level 7 in Earth Magic
  3719 | D:5      | Reached XP level 7. HP: 21/36 MP: 8/13
  3854 | D:5      | Found a glowing drain.
  3882 | Sewer    | Entered a sewer
  4559 | D:5      | Reached skill level 8 in Earth Magic
  4788 | D:5      | Reached skill level 5 in Spellcasting
  4788 | D:5      | Reached XP level 8. HP: 41/41 MP: 10/15
  4835 | D:5      | Noticed Edmund
  5661 | D:5      | Killed Edmund
  6122 | D:6      | Reached skill level 1 in Evocations
  6165 | D:6      | Identified the +4 chain mail of Hopscotch {+Inv rF+++ Str-5
                  | Int-2}
  6174 | D:6      | Reached skill level 9 in Earth Magic
  6242 | D:6      | Paralysed by a gnoll for 2 turns
  6243 | D:6      | Shot with an arrow by a gnoll

Illustrated notes

Levels and vault maps discovered:
D:1:      amcnicky_arrival_choice, layout_basic, basic_ecumenical_altar,
          hangedman_decor_push
D:2:      layout_basic, serial_shops, shop, nicolae_shop_crystal
D:3:      layout_loops_ring, gammafunk_temple_overflow_elements
D:4:      layout_rooms, mainiacjoe_overflow_tiny_flanked,
          minmay_temple_entry_gardened_gates, nrook_mini_backslash,
          grunt_ministairs_9
D:5:      layout_layer_cave, gup_sewer_entry_glass, kennysheep_generic_room_16,
          uniq_edmund
D:6:      layout_rooms, minmay_misc_feat_diagonals, minivault_10,
          kennysheep_opposing_triangles
Temple:   nicolae_temple_bog_church

Skill      XL: |  1  2  3  4  5  6  7  8 |
---------------+-------------------------+-----
Earth Magic    | 4 5 6 7 8 9 |  9.0
Conjurations   | 1 2 3 |  3.5
Spellcasting   | 3 4 5 |  5.1
Dodging        | 2 |  2.0
Stealth        | 3 |  3.4
Evocations     | 1 |  1.9
Unarmed Combat | |  0.2
Transmutations | |  0.7

Action                   |  1- 3 |  4- 6 |  7- 9 || total
-------------------------+-------+-------+-------++-------
Melee: Unarmed           |    29 |       |       ||    29
       Whip              |     2 |       |       ||     2
       Dagger            |       |     3 |    10 ||    13
       Hand axe          |       |       |     8 ||     8
 Cast: Sandblast         |    45 |    64 |   123 ||   232
       Stone Arrow       |       |     1 |     3 ||     4
Evoke: Wand              |       |       |    22 ||    22
  Use: Scroll            |       |     5 |     3 ||     8
 Stab: Paralysed         |       |       |     4 ||     4
       Sleeping          |       |       |     1 ||     1
Armor: Robe              |    19 |    15 |    52 ||    86
Dodge: Dodged            |    24 |    17 |    94 ||   135
